 Dungeon Crawl Stone Soup version 0.31-a0-965-g8a8ce12e04 (webtiles) character file.

Game seed: 3409611519507971123

1416 croobank the Ruffian (level 8, -1/54 HPs)
             Began as an Octopode Shapeshifter on Oct 27, 2023.
             Was an Initiate of Ashenzari.
             Slain by a shadow imp (5 damage)
             ... summoned by Eustachio
             ... on level 5 of the Dungeon.
             The game lasted 00:17:18 (5592 turns).

croobank the Ruffian (Octopode Shapeshifter)        Turns: 5592, Time: 00:17:18

Health: -1/54      AC:  1    Str: 13    XL:     8   Next: 71%
Magic:  11/11      EV: 14    Int: 14    God:    Ashenzari [......]
Gold:   272        SH:  0    Dex: 12    Spells: 10/12 levels left

rFire   . .          .
                       - Unarmed
rCold   . . .        (no shield)
rNeg    . . .        (helmet currently unavailable)
rPois   .            (no amulet)
rElec   .            a - ring of the Mantic Firmament {SInv, Fort, Bglg} (curse)
rCorr   .            (no ring)
SInv    +            (no ring)
Will    .....        (no ring)
Stlth   ++++         (no ring)
HPRegen 0.29/turn    (no ring)
MPRegen 0.12/turn    (no ring)
                     (no ring)

%: no passive effects
@: beast-form
A: beast (slay +2), almost no armour, amphibious, 8 rings, camouflage 1,
gelatinous body 1, (nimble swimmer 1), tentacles
a: Begin Untransformation, Renounce Religion, Shatter the Chains


You were on level 5 of the Dungeon.
You worshipped Ashenzari.
Ashenzari was noncommittal.
You were a hulking beast.
You visited 2 branches of the dungeon, and saw 6 of its levels.

You collected 272 gold pieces.

Inventory:

Hand Weapons
 h - a +0 trident of draining
 i - a +0 dagger
 p - a +0 dagger of speed
Missiles
 k - 15 poisoned darts
Jewellery
 a - the cursed ring of the Mantic Firmament (left tentacle) {SInv, Fort, Bglg}
   (You took it off an orc on level 3 of the Dungeon)

   [ring of see invisible]

   SInv:      It lets you see invisible.
   It has a curse which improves the following skills: Fortitude: Shields.
   Beguiling: Conjurations, Hexes and Translocations.
Talismans
 b - a beast talisman
 c - a flux talisman
Wands
 m - a wand of mindburst (3)
 r - a wand of charming (11)
Scrolls
 e - a scroll of torment
 f - a scroll of immolation
 l - a scroll of vulnerability
 n - a scroll of poison
Potions
 d - a potion of mutation
 j - a potion of magic {unknown}
 o - 2 potions of enlightenment
 q - a potion of heal wounds {unknown}


   Skills:
 + Level 3.9 Fighting
 + Level 4.2 Dodging
 + Level 5.2 Stealth
 * Level 6.2 Unarmed Combat
 + Level 2.5 Spellcasting
 + Level 3.5 Poison Magic
 + Level 4.4 Shapeshifting


You had 10 spell levels left.
You knew the following spells:

 Your Spells              Type           Power      Damage    Failure   Level
a - Poisonous Vapours     Pois/Air       12%        N/A       17%         2

Your spell library contained the following spells:

 Spells                   Type           Power      Damage    Failure   Level
 Sting                    Tmut/Pois      24%        1d4       11%         1
 Apportation              Tloc           2%         N/A       22%         1
 Necrotise                Necr           4%         1d4       22%         1
 Summon Small Mammal      Summ           4%         N/A       22%         1
 Olgreb's Toxic Radiance  Pois           11%        N/A       45%         4


Dungeon Overview and Level Annotations

Branches:
Dungeon (5/15)             Temple (1/1) D:4

Altars:
Ashenzari
Cheibriados
Dithmenos
Fedhas
Hepliaklqana
Nemelex Xobeh
Ru
Trog
Uskayaw
Vehumet
Xom
Yredelemnul
Zin

Annotations:
D:5 Eustachio


Innate Abilities, Weirdness & Mutations

You are a hulking beast.
Your limbs bulge with bestial killing power. (Slay +2)
You cannot wear most types of armour.
You are amphibious.
You can wear up to eight rings at the same time.
Your skin changes colour to match your surroundings (Stealth+).
Your rubbery body absorbs attacks. (AC +1, EV +1)
((You are camouflaged when in or above water. (Stealth+)))
You have tentacles for arms and can constrict up to eight enemies at once.


Message History

Eustachio gestures wildly while chanting.
The river rat bites you!
You see here a throwing net.
g - a throwing net Eustachio mumbles some strange words.
Eustachio blinks!
The river rat bites you!
Eustachio gestures wildly while chanting.
Eustachio blinks!
The river rat barely misses you.
Eustachio casts a spell.
Eustachio blinks!
The river rat closely misses you.
Eustachio casts a spell.
Throw: throwing net
Press: ? - help, Q - select action, (/) - cycle Shift-Dir - straight line, f/p - Eustachio
Aim: Eustachio, wielding a +0 rapier and wearing a +0 leather armour (48% to hit)
You throw a throwing net.
The throwing net closely misses Eustachio.
The river rat closely misses you.
Aiming: Mindburst
Press: ? - help, Shift-Dir - straight line, f/p - Eustachio
Aim: Eustachio, wielding a +0 rapier and wearing a +0 leather armour (chance to affect: 64%) Eustachio struggles to resist.
The river rat bites you. Eustachio hits you with a +0 rapier.
The river rat bites you!
Aiming: Mindburst
Press: ? - help, Shift-Dir - straight line, f/p - Eustachio
Aim: Eustachio, wielding a +0 rapier and wearing a +0 leather armour (chance to affect: 64%) Eustachio's mind is blasted!
The river rat bites you!
* * * LOW HITPOINT WARNING * * *
Eustachio hits you with a +0 rapier.
* * * LOW HITPOINT WARNING * * *
The river rat bites you.
* * * LOW HITPOINT WARNING * * *
The shadow imp barely misses you.
Aiming: Mindburst
Press: ? - help, Shift-Dir - straight line, f/p - Eustachio
Aim: Eustachio, wielding a +0 rapier and wearing a +0 leather armour (moderately wounded, chance to affect: 64%) Eustachio struggles to resist.
The river rat completely misses you. Eustachio hits you with a +0 rapier.
* * * LOW HITPOINT WARNING * * *
The river rat closely misses you. The shadow imp hits you.
You die...

.......##.......#....#....
.#
####.####.......#.>..#.....
#.......'..<....#.##.#.#.#..
#.##.####.......#.##.#.
.#.#. ..##.# #########'##.#
.....# ##........#.#
#####................# .
.........r....# ..
.......hr...# ..
.......5@.#.# .........(#.#
..........#.# ########.##.#
#.# #.# #.# #.#


You could see Eustachio, 2 river rats and a shadow imp (summoned).

Vanquished Creatures
  Prince Ribbit (D:5)
  Sigmund (D:5)
  Menkaure (D:5)
  An ice beast (D:5)
  A sky beast (D:4)
  A black bear (D:4)
  An ogre (D:4)
  A centaur (D:5)
  A scorpion (D:5)
  3 killer bees (D:4)
  4 hounds
  An orc priest (D:4)
  An orc wizard (D:3)
  4 gnolls
  4 adders
  2 worms (D:2)
  4 dart slugs
  12 orcs
  5 ball pythons
  4 bats
  6 endoplasms
  3 giant cockroaches
  7 goblins
  5 hobgoblins
  4 jackals (D:2)
  6 quokkas
  4 frilled lizards
  2 kobolds
  2 rats (D:1)
92 creatures vanquished.

Notes
Turn   | Place    | Note
-------+----------+-------------------------------------------
     0 | D:1      | croobank the Octopode Shapeshifter began the quest for the
                  | Orb.
     0 | D:1      | Reached XP level 1. HP: 13/13 MP: 1/1
   168 | D:1      | Reached XP level 2. HP: 5/18 MP: 2/2
   796 | D:1      | Reached skill level 1 in Stealth
  1368 | D:2      | Reached XP level 3. HP: 23/23 MP: 3/3
  1499 | D:2      | Found a faded altar of an unknown god.
  1805 | D:2      | Found a shimmering altar of Xom.
  2058 | D:3      | Reached XP level 4. HP: 21/29 MP: 4/4
  2263 | D:3      | Reached skill level 4 in Unarmed Combat
  2698 | D:3      | Reached XP level 5. HP: 27/34 MP: 5/5
  2833 | D:4      | Learned a level 2 spell: Poisonous Vapours
  3136 | D:4      | Noticed a black bear
  3137 | D:4      | Found a staircase to the Ecumenical Temple.
  3143 | D:4      | Noticed an ogre
  3159 | D:4      | Killed an ogre
  3160 | D:4      | Reached XP level 6. HP: 30/41 MP: 6/6
  3163 | D:4      | Killed a black bear
  3164 | D:4      | Reached skill level 1 in Poison Magic
  3251 | Temple   | Entered the Ecumenical Temple
  3262 | Temple   | Became a worshipper of Ashenzari the Shackled
  3292 | D:4      | Reached skill level 1 in Spellcasting
  3302 | D:4      | HP: 2/41 [gnoll/+0 spear (8)]
  3856 | D:4      | Noticed a sky beast
  3866 | D:4      | Killed a sky beast
  3867 | D:4      | Reached XP level 7. HP: 35/45 MP: 8/8
  3940 | D:4      | Reached skill level 5 in Unarmed Combat
  4582 | D:5      | Entered Level 5 of the Dungeon
  4700 | D:5      | Noticed Prince Ribbit
  4712 | D:5      | Killed Prince Ribbit
  4713 | D:5      | Reached XP level 8. HP: 13/52 MP: 10/10
  5246 | D:5      | Noticed Menkaure
  5251 | D:5      | Killed Menkaure
  5369 | D:5      | Noticed Sigmund
  5374 | D:5      | Killed Sigmund
  5375 | D:5      | Reached skill level 5 in Stealth
  5375 | D:5      | Reached skill level 6 in Unarmed Combat
  5571 | D:5      | Noticed Eustachio
  5592 | D:5      | Slain by a shadow imp

Illustrated notes

Levels and vault maps discovered:
D:1:      shiori_arrival_elements, layout_basic
D:2:      layout_rooms, hellmonk_ecumenical_altar_blasted, basic_altar,
          kennysheep_decorative_pillar
D:3:      layout_rooms
D:4:      layout_loops_ring, minmay_temple_entry_gardened_gates,
          patterned_corridor
D:5:      layout_basic, amethyst_overflow_temple_binary, uniq_menkaure,
          uniq_sigmund, uniq_eustachio, uniq_prince_ribbit1
Temple:   compressed_dpeg_triangle_lava_temple

Skill      XL: |  1  2  3  4  5  6  7  8 |
---------------+-------------------------+-----
Stealth        | 1 2 3 4 5 |  5.2
Unarmed Combat | 4 5 6 |  6.2
Fighting       | 2 3 |  3.9
Dodging        | 3 4 |  4.2
Poison Magic   | 1 2 3 |  3.5
Spellcasting   | 1 2 |  2.5
Shapeshifting  | 4 |  4.4

Action                     |  1- 3 |  4- 6 |  7- 9 || total
---------------------------+-------+-------+-------++-------
  Melee: Unarmed           |    77 |    82 |    72 ||   231
         Constrict         |    15 |    19 |    11 ||    45
         Tentacles         |     6 |    24 |    19 ||    49
         Punch             |     3 |     2 |     4 ||     9
         Trident           |       |     3 |       ||     3
  Throw: Dart              |       |    12 |       ||    12
         Throwing net      |       |       |     3 ||     3
 Invoke: Curse Item        |       |       |     1 ||     1
  Evoke: Wand              |       |       |     6 ||     6
    Use: Scroll            |     6 |     5 |     1 ||    12
         Potion            |     1 |     4 |     3 ||     8
   Stab: Sleeping          |     5 |     5 |     6 ||    16
         Distracted        |       |     1 |       ||     1
 Armour: Skin              |    32 |    43 |    78 ||   153
  Dodge: Dodged            |    37 |    46 |    38 ||   121

Table legend: (Time is in decaauts)
 A = Elapsed time spent in this place.
 B = Non-inter-level travel time spent in this place.
 C = Inter-level travel time spent in this place.
 D = Time resting spent in this place.
 E = Time spent auto-exploring this place.
 F = Levels seen in this place.
 G = Mean time per level.
                   A        B        C        D        E       F      G
               +--------+--------+--------+--------+--------+-----+--------+
         Total |   5560 |   5447 |    113 |   2305 |   2269 |   6 |  926.7 |
       Dungeon |   5163 |   5059 |    104 |   1936 |   2269 |   5 | 1032.6 |
        Temple |    397 |    388 |      9 |    369 |      0 |   1 |  397.0 |
               +--------+--------+--------+--------+--------+-----+--------+

Top non-repeatable levels by time:
     D:1: 1360 daAuts
     D:4: 1351 daAuts
     D:5: 1005 daAuts
     D:3: 734 daAuts
     D:2: 711 daAuts
  Temple: 397 daAuts
